Workbook

Sheet MEDIÇÃO 13
A1: PREFEITURA MUNICIPAL DE SO ROQUE DO CANA Estado do Esprito Santo SECRETARIA MUNICIPAL DE OBRAS E SERVIÇOS URBANOS – SETOR DE ENGENHARIA
A12: PREFEITURA MUNICIPAL DE SO ROQUE DO CANAÃ Estado do Esprito Santo SECRETARIA MUNICIPAL DE OBRAS E SERVIÇOS URBANOS – SETOR DE ENGENHARIA
A21: BOLETIM DE MEDIÇÃO 13 | K21: DATA: 03/10/2024
A23: OBRA: CONSTRUÇÃO DE MURO DE CONTENÇÃO E ESTABILIZAÇÃO DE TALUDES EM ÁREA DE RISCO | D23: CONTRATO Nº: | F23: 070/2023 | H23: Assinatura: 04/09/2023 | K23: INÍCIO: | M23: 45182
K24: TÉRMINO: | M24: 45629
A25: LOCAL: RUA ANTÔNIO GIL VELOSO, CENTRO | D25: PERÍODO: | F25: 45536 | H25: a | I25: 45565 | K25: PRAZO: | M25: 450 DIAS
A26: EMPREITEIRA: M S CONSTRUTORA LTDA | F26: =I27 -> MEDIÇÃO 13 | I26: =L135 -> 9023.3414 | K26: % MÊS: | L26: =H135 -> 0.0022609916 | M26: % ACUM: | N26: =H136 -> 0.98289887
A27: ITEM | B27: ESPECIFICAÇÃO | C27: UNID. | D27: QUANT. | E27: PREÇO UNIT R$ | F27: ACUMULADO ANTERIOR | I27: MEDIÇÃO 13 | L27: TOTAL MEDIDO
F28: QUANT. | G28: TOTAL | H28: % | I28: QUANT. | J28: TOTAL | K28: % | L28: QUANT. | M28: TOTAL | N28: %
A29: 1 | B29: MURO DE CONTENÇÃO | J29: =SUM(J30:J45) -> 0 | M29: =SUM(M30:M45) -> 901606.71
A30: 1.1 | B30: Capina manual, inclusive limpeza | C30: m² | D30: 5973 | E30: 0.88592459 | F30: 5973 | G30: =F30*E30 -> 5291.6276 | H30: =F30/D30 -> 1 | J30: =I30*E30 -> 0 | K30: =I30/D30 -> 0 | L30: =F30+I30 -> 5973 | M30: =G30+J30 -> 5291.6276 | N30: =H30+K30 -> 1
A31: 1.2 | B31: Carga de material de 1ª categoria | C31: m³ | D31: 3970.39 | E31: 4.6047503 | F31: 3970.39 | G31: =F31*E31 -> 18282.655 | H31: =F31/D31 -> 1 | J31: =I31*E31 -> 0 | K31: =I31/D31 -> 0 | L31: =F31+I31 -> 3970.39 | M31: =G31+J31 -> 18282.655 | N31: =H31+K31 -> 1
A32: 1.3 | B32: Compactação de aterros 100% PN | C32: m³ | D32: 730.45 | E32: 7.3655563 | F32: 730.45 | G32: =F32*E32 -> 5380.1706 | H32: =F32/D32 -> 1 | J32: =I32*E32 -> 0 | K32: =I32/D32 -> 0 | L32: =F32+I32 -> 730.45 | M32: =G32+J32 -> 5380.1706 | N32: =H32+K32 -> 1
A33: 1.4 | B33: Destocamento de árvores com diâmetro de 15 a 30 cm, com trator de esteira | C33: UND | D33: 199 | E33: 20.438072 | F33: 199 | G33: =F33*E33 -> 4067.1764 | H33: =F33/D33 -> 1 | J33: =I33*E33 -> 0 | K33: =I33/D33 -> 0 | L33: =F33+I33 -> 199 | M33: =G33+J33 -> 4067.1764 | N33: =H33+K33 -> 1
A34: 1.5 | B34: Escavação e carga de material de 1ª categoria, com trator de esteira e pá carregadeira | C34: m³ | D34: 6304.61 | E34: 12.567764 | F34: 6304.61 | G34: =F34*E34 -> 79234.852 | H34: =F34/D34 -> 1 | J34: =I34*E34 -> 0 | K34: =I34/D34 -> 0 | L34: =F34+I34 -> 6304.61 | M34: =G34+J34 -> 79234.852 | N34: =H34+K34 -> 1
A35: 1.6 | B35: Espalhamento / regularização / compactação de material em bota-fora | C35: m³ | D35: 4764.47 | E35: 3.657016 | F35: 4764.47 | G35: =F35*E35 -> 17423.743 | H35: =F35/D35 -> 1 | J35: =I35*E35 -> 0 | K35: =I35/D35 -> 0 | L35: =F35+I35 -> 4764.47 | M35: =G35+J35 -> 17423.743 | N35: =H35+K35 -> 1
A36: 1.7 | B36: Reaterro de cavas c/ compactação manual (apiloamento) | C36: m³ | D36: 587.82 | E36: 85.811015 | F36: 587.82 | G36: =F36*E36 -> 50441.431 | H36: =F36/D36 -> 1 | J36: =I36*E36 -> 0 | K36: =I36/D36 -> 0 | L36: =F36+I36 -> 587.82 | M36: =G36+J36 -> 50441.431 | N36: =H36+K36 -> 1
A37: 1.8 | B37: Colchão drenante de brita 2 inclusive fornecimento, espalhamento, compactação e transporte | C37: m³ | D37: 35.272064 | E37: 129.68751 | F37: 35.272064 | G37: =F37*E37 -> 4574.346 | H37: =F37/D37 -> 1 | J37: =I37*E37 -> 0 | K37: =I37/D37 -> 0 | L37: =F37+I37 -> 35.272064 | M37: =G37+J37 -> 4574.346 | N37: =H37+K37 -> 1
A38: 1.9 | B38: Manta Geotêxtil não tecida com resistência longitudinal a tração 10kN/m, fornecimento e aplicação | C38: m² | D38: 15 | E38: 12.990223 | F38: 15 | G38: =F38*E38 -> 194.85335 | H38: =F38/D38 -> 1 | J38: =I38*E38 -> 0 | K38: =I38/D38 -> 0 | L38: =F38+I38 -> 15 | M38: =G38+J38 -> 194.85335 | N38: =H38+K38 -> 1
A39: 1.10 | B39: Dreno de PVC D = 50 mm | C39: m | D39: 170 | E39: 43.492684 | F39: 170 | G39: =F39*E39 -> 7393.7563 | H39: =F39/D39 -> 1 | J39: =I39*E39 -> 0 | K39: =I39/D39 -> 0 | L39: =F39+I39 -> 170 | M39: =G39+J39 -> 7393.7563 | N39: =H39+K39 -> 1
A40: 1.11 | B40: Formas planas de madeira sem reaproveitamento (fundações), inclusive fornecimento e transporte das madeiras e aplicação | C40: m² | D40: 646.67 | E40: 248.49065 | F40: 646.67 | G40: =F40*E40 -> 160691.45 | H40: =F40/D40 -> 1 | J40: =I40*E40 -> 0 | K40: =I40/D40 -> 0 | L40: =F40+I40 -> 646.67 | M40: =G40+J40 -> 160691.45 | N40: =H40+K40 -> 1
A41: 1.12 | B41: Concreto ciclópico com 70% concreto 15,0 MPa e 30% de pedra de mão, tudo incluído | C41: m³ | D41: 517.33 | E41: 559.06409 | F41: 517.33 | G41: =F41*E41 -> 289220.63 | H41: =F41/D41 -> 1 | J41: =I41*E41 -> 0 | K41: =I41/D41 -> 0 | L41: =F41+I41 -> 517.33 | M41: =G41+J41 -> 289220.63 | N41: =H41+K41 -> 1
... A43: 1.14 | B43: Plataforma ou passarela de pinho de 1ª ou similar, 1" x 12" | C43: m² | D43: 352.73 | E43: 5.2640171 | F43: 352.73 | G43: =F43*E43 -> 1856.7767 | H43: =F43/D43 -> 1 | J43: =I43*E43 -> 0 | K43: =I43/D43 -> 0 | L43: =F43+I43 -> 352.73 | M43: =G43+J43 -> 1856.7767 | N43: =H43+K43 -> 1
A44: 1.15 | B44: Transporte de materiais para DMT acima de 15 km (Caminhão basculante) | C44: t | D44: 7848.321 | E44: 27.002126 | F44: 7848.32 | G44: =F44*E44 -> 211921.33 | H44: =F44/D44 -> 0.99999987 | J44: =I44*E44 -> 0 | K44: =I44/D44 -> 0 | L44: =F44+I44 -> 7848.32 | M44: =G44+J44 -> 211921.33 | N44: =H44+K44 -> 0.99999987 | O44: =I44/1.6 -> 0
A45: 1.16 | B45: Mobilização e desmobilização de equipamentos com carreta prancha (máximo) | C45: h | D45: 46.8 | E45: 617.73634 | F45: 46.8 | G45: =F45*E45 -> 28910.061 | H45: =F45/D45 -> 1 | J45: =I45*E45 -> 0 | K45: =I45/D45 -> 0 | L45: =F45+I45 -> 46.8 | M45: =G45+J45 -> 28910.061 | N45: =H45+K45 -> 1
A46: 2 | B46: CORTINA ATIRANTADA | J46: =SUM(J47:J69) -> 0 | M46: =SUM(M47:M69) -> 604235.63
A47: 2.1 | B47: Capina manual, inclusive limpeza | C47: m² | D47: 126 | E47: 0.88588889 | F47: 126 | G47: =F47*E47 -> 111.622 | H47: =F47/D47 -> 1 | J47: =I47*E47 -> 0 | K47: =I47/D47 -> 0 | L47: =F47+I47 -> 126 | M47: =G47+J47 -> 111.622 | N47: =H47+K47 -> 1
A48: 2.2 | B48: Compactação de aterros 100% PN | C48: m³ | D48: 319.8 | E48: 7.3655366 | F48: 319.8 | G48: =F48*E48 -> 2355.4986 | H48: =F48/D48 -> 1 | J48: =I48*E48 -> 0 | K48: =I48/D48 -> 0 | L48: =F48+I48 -> 319.8 | M48: =G48+J48 -> 2355.4986 | N48: =H48+K48 -> 1
A49: 2.3 | B49: Reaterro com areia, tudo incluído | C49: m³ | D49: 319.8 | E49: 72.862111 | F49: 319.8 | G49: =F49*E49 -> 23301.303 | H49: =F49/D49 -> 1 | J49: =I49*E49 -> 0 | K49: =I49/D49 -> 0 | L49: =F49+I49 -> 319.8 | M49: =G49+J49 -> 23301.303 | N49: =H49+K49 -> 1
A50: 2.4 | B50: Destocamento de árvores com diâmetro de 15 a 30 cm, com trator de esteira | C50: UND | D50: 30 | E50: 20.438223 | F50: 30 | G50: =F50*E50 -> 613.1467 | H50: =F50/D50 -> 1 | J50: =I50*E50 -> 0 | K50: =I50/D50 -> 0 | L50: =F50+I50 -> 30 | M50: =G50+J50 -> 613.1467 | N50: =H50+K50 -> 1
A51: 2.5 | B51: Escavação e carga de material de 1ª categoria, com trator de esteira e pá carregadeira | C51: m³ | D51: 319.8 | E51: 12.567739 | F51: 319.8 | G51: =F51*E51 -> 4019.1628 | H51: =F51/D51 -> 1 | J51: =I51*E51 -> 0 | K51: =I51/D51 -> 0 | L51: =F51+I51 -> 319.8 | M51: =G51+J51 -> 4019.1628 | N51: =H51+K51 -> 1
A52: 2.6 | B52: Espalhamento / regularização / compactação de material em bota-fora | C52: m³ | D52: 223.86 | E52: 3.6570297 | F52: 223.86 | G52: =F52*E52 -> 818.66268 | H52: =F52/D52 -> 1 | J52: =I52*E52 -> 0 | K52: =I52/D52 -> 0 | L52: =F52+I52 -> 223.86 | M52: =G52+J52 -> 818.66268 | N52: =H52+K52 -> 1
A53: 2.7 | B53: Reaterro de cavas c/ compactação manual (apiloamento) | C53: m³ | D53: 12.96 | E53: 85.81125 | F53: 12.96 | G53: =F53*E53 -> 1112.1138 | H53: =F53/D53 -> 1 | J53: =I53*E53 -> 0 | K53: =I53/D53 -> 0 | L53: =F53+I53 -> 12.96 | M53: =G53+J53 -> 1112.1138 | N53: =H53+K53 -> 1
A54: 2.8 | B54: Colchão drenante de brita 2 inclusive fornecimento, espalhamento, compactação e transporte | C54: m³ | D54: 20.16 | E54: 129.68467 | F54: 20.16 | G54: =F54*E54 -> 2614.443 | H54: =F54/D54 -> 1 | J54: =I54*E54 -> 0 | K54: =I54/D54 -> 0 | L54: =F54+I54 -> 20.16 | M54: =G54+J54 -> 2614.443 | N54: =H54+K54 -> 1
A55: 2.9 | B55: Manta Geotêxtil não tecida com resistência longitudinal a tração 10kN/m, fornecimento e aplicação | C55: m² | D55: 3.9 | E55: 12.991282 | F55: 3.9 | G55: =F55*E55 -> 50.665999 | H55: =F55/D55 -> 1 | J55: =I55*E55 -> 0 | K55: =I55/D55 -> 0 | L55: =F55+I55 -> 3.9 | M55: =G55+J55 -> 50.665999 | N55: =H55+K55 -> 1
A56: 2.10 | B56: Dreno de PVC D = 50 mm | C56: m | D56: 6.24 | E56: 43.492214 | F56: 6.24 | G56: =F56*E56 -> 271.39141 | H56: =F56/D56 -> 1 | J56: =I56*E56 -> 0 | K56: =I56/D56 -> 0 | L56: =F56+I56 -> 6.24 | M56: =G56+J56 -> 271.39141 | N56: =H56+K56 -> 1
A57: 2.11 | B57: Andaime de madeira para altura até 7 m, compreendendo montagem e desmontagem | C57: m³ | D57: 172.8 | E57: 39.506025 | F57: 172.8 | G57: =F57*E57 -> 6826.6411 | H57: =F57/D57 -> 1 | J57: =I57*E57 -> 0 | K57: =I57/D57 -> 0 | L57: =F57+I57 -> 172.8 | M57: =G57+J57 -> 6826.6411 | N57: =H57+K57 -> 1
A58: 2.12 | B58: Plataforma ou passarela de pinho de 1ª ou similar, 1" x 12" | C58: m² | D58: 43.2 | E58: 5.2640974 | F58: 43.2 | G58: =F58*E58 -> 227.40901 | H58: =F58/D58 -> 1 | J58: =I58*E58 -> 0 | K58: =I58/D58 -> 0 | L58: =F58+I58 -> 43.2 | M58: =G58+J58 -> 227.40901 | N58: =H58+K58 -> 1
... A69: 2.23 | B69: Formas planas de madeira com 01 (um) reaproveitamento, inclusive fornecimento e transporte das madeiras, em Vias Urbanas | C69: m² | D69: 248.6 | E69: 158.81736 | F69: 248.6 | G69: =F69*E69 -> 39481.995 | H69: =F69/D69 -> 1 | J69: =I69*E69 -> 0 | K69: =I69/D69 -> 0 | L69: =F69+I69 -> 248.6 | M69: =G69+J69 -> 39481.995 | N69: =H69+K69 -> 1
A70: 3 | B70: SOLO GRAMPEADO | J70: =SUM(J71:J80) -> 0 | M70: =SUM(M71:M80) -> 872844.09
A71: 3.1 | B71: Conformação manual de taludes | C71: m² | D71: 2534 | E71: 1.5178397 | F71: 2534 | G71: =F71*E71 -> 3846.2057 | H71: =F71/D71 -> 1 | J71: =I71*E71 -> 0 | K71: =I71/D71 -> 0 | L71: =F71+I71 -> 2534 | M71: =G71+J71 -> 3846.2057 | N71: =H71+K71 -> 1
A72: 3.2 | B72: Transporte de materiais encosta acima, serviço manual, inclusive carga e descarga | C72: t dam | D72: 2286 | E72: 41.483914 | F72: 2286 | G72: =F72*E72 -> 94832.226 | H72: =F72/D72 -> 1 | J72: =I72*E72 -> 0 | K72: =I72/D72 -> 0 | L72: =F72+I72 -> 2286 | M72: =G72+J72 -> 94832.226 | N72: =H72+K72 -> 1
A73: 3.3 | B73: Conformação de taludes de corte | C73: m³ | D73: 3970.3899 | E73: 9.10705 | F73: 3970.3899 | G73: =F73*E73 -> 36158.539 | H73: =F73/D73 -> 1 | J73: =I73*E73 -> 0 | K73: =I73/D73 -> 0 | L73: =F73+I73 -> 3970.3899 | M73: =G73+J73 -> 36158.539 | N73: =H73+K73 -> 1
A74: 3.4 | B74: Concreto projetado com cimento especial, inclusive aditivo de pega Sigunit STM-35 AF | C74: m³ | D74: 298.65 | E74: 940.68715 | F74: 298.65 | G74: =F74*E74 -> 280936.22 | H74: =F74/D74 -> 1 | J74: =I74*E74 -> 0 | K74: =I74/D74 -> 0 | L74: =F74+I74 -> 298.65 | M74: =G74+J74 -> 280936.22 | N74: =H74+K74 -> 1
A75: 3.5 | B75: Manta Geotêxtil não tecida com resistência longitudinal a tração 10kN/m, fornecimento e aplicação | C75: m² | D75: 168.75 | E75: 12.990124 | F75: 168.75 | G75: =F75*E75 -> 2192.0835 | H75: =F75/D75 -> 1 | J75: =I75*E75 -> 0 | K75: =I75/D75 -> 0 | L75: =F75+I75 -> 168.75 | M75: =G75+J75 -> 2192.0835 | N75: =H75+K75 -> 1
A76: 3.6 | B76: Dreno de PVC D = 50 mm | C76: m | D76: 450 | E76: 43.492694 | F76: 450 | G76: =F76*E76 -> 19571.712 | H76: =F76/D76 -> 1 | J76: =I76*E76 -> 0 | K76: =I76/D76 -> 0 | L76: =F76+I76 -> 450 | M76: =G76+J76 -> 19571.712 | N76: =H76+K76 -> 1
A77: 3.7 | B77: Colchão drenante de brita 2 inclusive fornecimento, espalhamento, compactação e transporte | C77: m³ | D77: 56.25 | E77: 129.68492 | F77: 56.25 | G77: =F77*E77 -> 7294.7767 | H77: =F77/D77 -> 1 | J77: =I77*E77 -> 0 | K77: =I77/D77 -> 0 | L77: =F77+I77 -> 56.25 | M77: =G77+J77 -> 7294.7767 | N77: =H77+K77 -> 1
A78: 3.8 | B78: Grampo de aço CA-50 D = 12,5 mm para solo grampeado com capacidade de 30 kN - fornecimento, perfuração e instalação | C78: m | D78: 3600 | E78: 63.150291 | F78: 3600 | G78: =F78*E78 -> 227341.05 | H78: =F78/D78 -> 1 | J78: =I78*E78 -> 0 | K78: =I78/D78 -> 0 | L78: =F78+I78 -> 3600 | M78: =G78+J78 -> 227341.05 | N78: =H78+K78 -> 1
A79: 3.9 | B79: LOCAL COM DMT ATÉ 3,0 KM (Caminhão basculante) 0,928XP + 1,026XR + 1,628 (XR=3,0) [material da limpeza] | C79: t | D79: 4.24 | E79: 77.336792 | F79: 4.24 | G79: =F79*E79 -> 327.908 | H79: =F79/D79 -> 1 | J79: =I79*E79 -> 0 | K79: =I79/D79 -> 0 | L79: =F79+I79 -> 4.24 | M79: =G79+J79 -> 327.908 | N79: =H79+K79 -> 1
A80: 3.10 | B80: Tela de aço soldada Telcon Q-196 ou similar, fornecimento e assentamento. | C80: m² | D80: 2172 | E80: 92.239123 | F80: 2172 | G80: =F80*E80 -> 200343.37 | H80: =F80/D80 -> 1 | J80: =I80*E80 -> 0 | K80: =I80/D80 -> 0 | L80: =F80+I80 -> 2172 | M80: =G80+J80 -> 200343.37 | N80: =H80+K80 -> 1
A81: 4 | B81: DRENAGEM | J81: =SUM(J82:J87) -> 0 | M81: =SUM(M82:M87) -> 282665.93
A82: 4.1 | B82: Conformação manual de taludes | C82: m² | D82: 123.75 | E82: 1.9676019 | F82: 123.75 | G82: =F82*E82 -> 243.49073 | H82: =F82/D82 -> 1 | J82: =I82*E82 -> 0 | K82: =I82/D82 -> 0 | L82: =F82+I82 -> 123.75 | M82: =G82+J82 -> 243.49073 | N82: =H82+K82 -> 1
A83: 4.2 | B83: Canaleta de concreto (0,130m³/m) forma trapezoidal inclusive caiação | C83: m | D83: 505.7 | E83: 254.37505 | F83: 505.7 | G83: =F83*E83 -> 128637.46 | H83: =F83/D83 -> 1 | J83: =I83*E83 -> 0 | K83: =I83/D83 -> 0 | L83: =F83+I83 -> 505.7 | M83: =G83+J83 -> 128637.46 | N83: =H83+K83 -> 1
A84: 4.3 | B84: Caixa coletora concreto armado H= 2,50m, inclusive escavação em Vias Urbanas | C84: und | D84: 5 | E84: 7510.8023 | F84: 5 | G84: =F84*E84 -> 37554.012 | H84: =F84/D84 -> 1 | J84: =I84*E84 -> 0 | K84: =I84/D84 -> 0 | L84: =F84+I84 -> 5 | M84: =G84+J84 -> 37554.012 | N84: =H84+K84 -> 1
A85: 4.4 | B85: Grama em placas em taludes com estacas de madeira, fornecimento e plantio | C85: m² | D85: 1600.5 | E85: 33.922652 | F85: 800 | G85: =F85*E85 -> 27138.122 | H85: =F85/D85 -> 0.4998438 | J85: =I85*E85 -> 0 | K85: =I85/D85 -> 0 | L85: =F85+I85 -> 800 | M85: =G85+J85 -> 27138.122 | N85: =H85+K85 -> 0.4998438
A86: 4.5 | B86: Transporte de materiais encosta acima, serviço manual, inclusive carga e descarga | C86: t dam | D86: 1961.39 | E86: 41.48387 | F86: 1961.39 | G86: =F86*E86 -> 81366.048 | H86: =F86/D86 -> 1 | J86: =I86*E86 -> 0 | K86: =I86/D86 -> 0 | L86: =F86+I86 -> 1961.39 | M86: =G86+J86 -> 81366.048 | N86: =H86+K86 -> 1
A87: 4.6 | B87: Descida d'água concreto armado DP-1 (degraus) c/ caiação | C87: m | D87: 11.64 | E87: 663.8136 | F87: 11.64 | G87: =F87*E87 -> 7726.7903 | H87: =F87/D87 -> 1 | J87: =I87*E87 -> 0 | K87: =I87/D87 -> 0 | L87: =F87+I87 -> 11.64 | M87: =G87+J87 -> 7726.7903 | N87: =H87+K87 -> 1
A88: 5 | B88: SINALIZAÇÃO | J88: =SUM(J89:J95) -> 0 | M88: =SUM(M89:M95) -> 5937.1489
B89: SINALIZAÇÃO PROVISÓRIA
A90: 5.1 | B90: Elementos de madeira para sinalização - cavaletes | C90: und | D90: 6 | E90: 43.770132 | F90: 6 | G90: =F90*E90 -> 262.62079 | H90: =F90/D90 -> 1 | J90: =I90*E90 -> 0 | K90: =I90/D90 -> 0 | L90: =F90+I90 -> 6 | M90: =G90+J90 -> 262.62079 | N90: =H90+K90 -> 1
A91: 5.2 | B91: Sinalização vertical com chapa em esmalte sintético | C91: m² | D91: 4 | E91: 741.80728 | F91: 4 | G91: =F91*E91 -> 2967.2291 | H91: =F91/D91 -> 1 | J91: =I91*E91 -> 0 | K91: =I91/D91 -> 0 | L91: =F91+I91 -> 4 | M91: =G91+J91 -> 2967.2291 | N91: =H91+K91 -> 1
A92: 5.3 | B92: Tela de proteção de segurança de PVC cor laranja com suporte para sinalização de obras | C92: m | D92: 133 | E92: 20.355632 | F92: 133 | G92: =F92*E92 -> 2707.299 | H92: =F92/D92 -> 1 | J92: =I92*E92 -> 0 | K92: =I92/D92 -> 0 | L92: =F92+I92 -> 133 | M92: =G92+J92 -> 2707.299 | N92: =H92+K92 -> 1
B93: SINALIZAÇÃO DEFINITIVA
A94: 5.4 | B94: Sinalização horizontal TMD=600, vida útil 2 a 3 anos, taxa=0,80 L/m² | C94: m² | D94: 435.5 | E94: 29.935996 | F94: 0 | G94: =F94*E94 -> 0 | H94: =F94/D94 -> 0 | J94: =I94*E94 -> 0 | K94: =I94/D94 -> 0 | L94: =F94+I94 -> 0 | M94: =G94+J94 -> 0 | N94: =H94+K94 -> 0
A95: 5.5 | B95: Sinalização vertical com chapa revestida em película, inclusive suporte em madeira | C95: m² | D95: 5 | E95: 907.48588 | F95: 0 | G95: =F95*E95 -> 0 | H95: =F95/D95 -> 0 | J95: =I95*E95 -> 0 | K95: =I95/D95 -> 0 | L95: =F95+I95 -> 0 | M95: =G95+J95 -> 0 | N95: =H95+K95 -> 0
A96: 6 | B96: CANTEIRO DE OBRAS | J96: =SUM(J97:J113) -> 8450.5971 | M96: =SUM(M97:M113) -> 295409.44
A97: 6.1 | B97: Hidrossemeadura simples em terrenos planos | C97: m² | D97: 300 | E97: 5.3979706 | F97: 0 | G97: =F97*E97 -> 0 | H97: =F97/D97 -> 0 | I97: 300 | J97: =I97*E97 -> 1619.3912 | K97: =I97/D97 -> 1 | L97: =F97+I97 -> 300 | M97: =G97+J97 -> 1619.3912 | N97: =H97+K97 -> 1
A98: 6.2 | B98: Aluguel de container p/ escritório c/ ar condicionado e banheiro, isolam.térmico e acústico, 2 luminárias, janela de vidro, tomada p/ comput. e telef. | C98: Mes | D98: 15.000001 | E98: 1333.8927 | F98: 12 | G98: =F98*E98 -> 16006.712 | H98: =F98/D98 -> 0.79999995 | I98: 1 | J98: =I98*E98 -> 1333.8927 | K98: =I98/D98 -> 0.066666662 | L98: =F98+I98 -> 13 | M98: =G98+J98 -> 17340.605 | N98: =H98+K98 -> 0.86666661
A99: 6.3 | B99: Aluguel de container para almoxarifado | C99: Mes | D99: 15 | E99: 901.96325 | F99: 12 | G99: =F99*E99 -> 10823.559 | H99: =F99/D99 -> 0.8 | I99: 1 | J99: =I99*E99 -> 901.96325 | K99: =I99/D99 -> 0.066666667 | L99: =F99+I99 -> 13 | M99: =G99+J99 -> 11725.522 | N99: =H99+K99 -> 0.86666667
A100: 6.4 | B100: Aluguel de container tipo refeitório (2 unidades acopladas), c/ 2 aparelhos de ar condicionado, 4 lumináriase 4 janelas de vidro | C100: Mes | D100: 15 | E100: 2380.6741 | F100: 12 | G100: =F100*E100 -> 28568.09 | H100: =F100/D100 -> 0.8 | I100: 1 | J100: =I100*E100 -> 2380.6741 | K100: =I100/D100 -> 0.066666667 | L100: =F100+I100 -> 13 | M100: =G100+J100 -> 30948.764 | N100: =H100+K100 -> 0.86666667
A101: 6.5 | B101: Aluguel de container tipo vestiário, 2 luminárias, piso especial e janela | C101: Mes | D101: 15 | E101: 901.96325 | F101: 12 | G101: =F101*E101 -> 10823.559 | H101: =F101/D101 -> 0.8 | I101: 1 | J101: =I101*E101 -> 901.96325 | K101: =I101/D101 -> 0.066666667 | L101: =F101+I101 -> 13 | M101: =G101+J101 -> 11725.522 | N101: =H101+K101 -> 0.86666667
A102: 6.6 | B102: Aluguel de container tipo sanitário com 3 vasos sanitários, lavatório, mictório, 5 chuveiros, 2 venezianas e piso especial | C102: Mes | D102: 15 | E102: 1312.7126 | F102: 12 | G102: =F102*E102 -> 15752.551 | H102: =F102/D102 -> 0.8 | I102: 1 | J102: =I102*E102 -> 1312.7126 | K102: =I102/D102 -> 0.066666667 | L102: =F102+I102 -> 13 | M102: =G102+J102 -> 17065.264 | N102: =H102+K102 -> 0.86666667
A103: 6.7 | B103: Barracão em chapa compensada 12mm e pont. 8x8cm, piso cimentado e cobertura de telhas fibrocimento 6mm, incl. ponto de luz | C103: m² | D103: 12 | E103: 831.93425 | F103: 12 | G103: =F103*E103 -> 9983.211 | H103: =F103/D103 -> 1 | J103: =I103*E103 -> 0 | K103: =I103/D103 -> 0 | L103: =F103+I103 -> 12 | M103: =G103+J103 -> 9983.211 | N103: =H103+K103 -> 1
A104: 6.8 | B104: Galpão em peças de madeira 8x8cm e contravent. de 5x7cm, cobertura de telhas de fibroc. de 6mm, incl. ponto e cabo de alimentação da máquina | C104: m² | D104: 50 | E104: 388.94122 | F104: 50 | G104: =F104*E104 -> 19447.061 | H104: =F104/D104 -> 1 | J104: =I104*E104 -> 0 | K104: =I104/D104 -> 0 | L104: =F104+I104 -> 50 | M104: =G104+J104 -> 19447.061 | N104: =H104+K104 -> 1
A105: 6.9 | B105: Rede de água c/ padrão de entrada d'água diâm. 3/4" conf. CESAN, incl. tubos e conexões p/ aliment., distrib., extravas. e limp., cons. o padrão a 25m | C105: m | D105: 50 | E105: 60.448948 | F105: 50 | G105: =F105*E105 -> 3022.4474 | H105: =F105/D105 -> 1 | J105: =I105*E105 -> 0 | K105: =I105/D105 -> 0 | L105: =F105+I105 -> 50 | M105: =G105+J105 -> 3022.4474 | N105: =H105+K105 -> 1
A106: 6.10 | B106: Rede de esgoto, contendo fossa e filtro, incl. tubos e conexões de ligação entre caixas, considerando distância de 25m | C106: m | D106: 50 | E106: 442.86945 | F106: 50 | G106: =F106*E106 -> 22143.472 | H106: =F106/D106 -> 1 | J106: =I106*E106 -> 0 | K106: =I106/D106 -> 0 | L106: =F106+I106 -> 50 | M106: =G106+J106 -> 22143.472 | N106: =H106+K106 -> 1
A107: 6.11 | B107: Rede de luz, incl. padrão entr. energia trifás. cabo ligação até barracões, quadro distrib., disj. e chave de força, cons. 20m entre padrão entr.e QDG | C107: m | D107: 100 | E107: 826.71144 | F107: 100 | G107: =F107*E107 -> 82671.144 | H107: =F107/D107 -> 1 | J107: =I107*E107 -> 0 | K107: =I107/D107 -> 0 | L107: =F107+I107 -> 100 | M107: =G107+J107 -> 82671.144 | N107: =H107+K107 -> 1
A108: 6.12 | B108: Reservatório de fibra de vidro de 1000 L, incl. suporte em madeira de 7x12cm, elevado de 4m | C108: UND | D108: 2 | E108: 4031.9111 | F108: 2 | G108: =F108*E108 -> 8063.8222 | H108: =F108/D108 -> 1 | J108: =I108*E108 -> 0 | K108: =I108/D108 -> 0 | L108: =F108+I108 -> 2 | M108: =G108+J108 -> 8063.8222 | N108: =H108+K108 -> 1
A109: 6.13 | B109: Sistema separador de água e óleo | C109: UND | D109: 1 | E109: 8643.11 | F109: 1 | G109: =F109*E109 -> 8643.11 | H109: =F109/D109 -> 1 | J109: =I109*E109 -> 0 | K109: =I109/D109 -> 0 | L109: =F109+I109 -> 1 | M109: =G109+J109 -> 8643.11 | N109: =H109+K109 -> 1
A110: 6.14 | B110: Canaleta de concreto retangular com grelha em barra de aço | C110: m | D110: 20 | E110: 234.57427 | F110: 20 | G110: =F110*E110 -> 4691.4854 | H110: =F110/D110 -> 1 | J110: =I110*E110 -> 0 | K110: =I110/D110 -> 0 | L110: =F110+I110 -> 20 | M110: =G110+J110 -> 4691.4854 | N110: =H110+K110 -> 1
A111: 6.15 | B111: Cerca de arame farpado 4 fios com mourões a cada 2,0 m, esticadores de madeira, a cada 20,0 m, inclusive transporte de mourão e arame farpado) | C111: m | D111: 800 | E111: 24.980996 | F111: 800 | G111: =F111*E111 -> 19984.797 | H111: =F111/D111 -> 1 | J111: =I111*E111 -> 0 | K111: =I111/D111 -> 0 | L111: =F111+I111 -> 800 | M111: =G111+J111 -> 19984.797 | N111: =H111+K111 -> 1
A112: 6.16 | B112: Placa de obra nas dimensões de 3,0 x 6,0 m, padrão DER-ES | C112: m² | D112: 18 | E112: 342.19313 | F112: 18 | G112: =F112*E112 -> 6159.4764 | H112: =F112/D112 -> 1 | J112: =I112*E112 -> 0 | K112: =I112/D112 -> 0 | L112: =F112+I112 -> 18 | M112: =G112+J112 -> 6159.4764 | N112: =H112+K112 -> 1
A113: 6.17 | B113: Pó de pedra inclusive fornecimento, espalhamento e transporte | C113: m³ | D113: 300 | E113: 67.247829 | F113: 300 | G113: =F113*E113 -> 20174.349 | H113: =F113/D113 -> 1 | J113: =I113*E113 -> 0 | K113: =I113/D113 -> 0 | L113: =F113+I113 -> 300 | M113: =G113+J113 -> 20174.349 | N113: =H113+K113 -> 1
A114: 7. | B114: PAVIMENTAÇÃO | J114: =SUM(J115:J120) -> 0 | M114: =SUM(M115:M120) -> 533962.4
A115: 7.1 | B115: Regularização e compactação do sub-leito (100% P.I.) H = 0,20 m | C115: m² | D115: 666 | E115: 1.8748607 | F115: 666 | G115: =F115*E115 -> 1248.6572 | H115: =F115/D115 -> 1 | J115: =I115*E115 -> 0 | K115: =I115/D115 -> 0 | L115: =F115+I115 -> 666 | M115: =G115+J115 -> 1248.6572 | N115: =H115+K115 -> 1
A116: 7.2 | B116: Imprimação exclusive fornecimento e transporte comercial do material betuminoso | C116: m² | D116: 2442 | E116: 1.1846644 | F116: 2442 | G116: =F116*E116 -> 2892.9504 | H116: =F116/D116 -> 1 | J116: =I116*E116 -> 0 | K116: =I116/D116 -> 0 | L116: =F116+I116 -> 2442 | M116: =G116+J116 -> 2892.9504 | N116: =H116+K116 -> 1
A117: 7.3 | B117: Meio fio (remoção e reassentamento), inclusive caiação | C117: m | D117: 958.1 | E117: 69.524443 | F117: 958.1 | G117: =F117*E117 -> 66611.369 | H117: =F117/D117 -> 1 | J117: =I117*E117 -> 0 | K117: =I117/D117 -> 0 | L117: =F117+I117 -> 958.1 | M117: =G117+J117 -> 66611.369 | N117: =H117+K117 -> 1
A118: 7.4 | B118: Remoção e reassentamento de paralelepípedos, inclusive perdas, colchão de areia e transportes de areia e paralelepípedo | C118: m² | D118: 666 | E118: 113.4807 | F118: 666 | G118: =F118*E118 -> 75578.149 | H118: =F118/D118 -> 1 | J118: =I118*E118 -> 0 | K118: =I118/D118 -> 0 | L118: =F118+I118 -> 666 | M118: =G118+J118 -> 75578.149 | N118: =H118+K118 -> 1
A119: 7.5 | B119: CBUQ (massa asfáltica) inclusive fornecimento e transporte comercial do CAP (Usinagem) | C119: t | D119: 408.48 | E119: 529.03062 | F119: 408.48 | G119: =F119*E119 -> 216098.43 | H119: =F119/D119 -> 1 | J119: =I119*E119 -> 0 | K119: =I119/D119 -> 0 | L119: =F119+I119 -> 408.48 | M119: =G119+J119 -> 216098.43 | N119: =H119+K119 -> 1
A120: 7.6 | B120: TR-301-00 (Massa Asfáltica) 1,082XP + 1,123XR + 8,324, XP=79,4 e XR=40,3 [CBUQ] | C120: t | D120: 1000.78 | E120: 171.39916 | F120: 1000.78 | G120: =F120*E120 -> 171532.85 | H120: =F120/D120 -> 1 | J120: =I120*E120 -> 0 | K120: =I120/D120 -> 0 | L120: =F120+I120 -> 1000.78 | M120: =G120+J120 -> 171532.85 | N120: =H120+K120 -> 1
A121: 8 | B121: MATERIAL BETUMINOSOS | J121: =SUM(J122:J123) -> 0 | M121: =SUM(M122:M123) -> 142711.31
A122: 8.1 | B122: CM-30, fornecimento | C122: t | D122: 20.87 | E122: 6683.8014 | F122: 20.87 | G122: =F122*E122 -> 139490.94 | H122: =F122/D122 -> 1 | J122: =I122*E122 -> 0 | K122: =I122/D122 -> 0 | L122: =F122+I122 -> 20.87 | M122: =G122+J122 -> 139490.94 | N122: =H122+K122 -> 1
A123: 8.2 | B123: Bonificação de 15,28% sobre Materiais Betuminosos | C123: % | D123: 1 | E123: 3220.378 | F123: 1 | G123: =F123*E123 -> 3220.378 | H123: =F123/D123 -> 1 | J123: =I123*E123 -> 0 | K123: =I123/D123 -> 0 | L123: =F123+I123 -> 1 | M123: =G123+J123 -> 3220.378 | N123: =H123+K123 -> 1
A124: 9 | B124: TRANPORTE DE MATERIAL BETUMINOSOS | J124: =SUM(J125) -> 0 | M124: =SUM(M125) -> 13861.492
A125: 9.1 | B125: Transporte de Material Asfáltico (DNIT), inclusive BDI diferenciado [CM-30, RR-1C] (XP=590, XR=2,17) | C125: t | D125: 26.64 | E125: 520.32629 | F125: 26.64 | G125: =F125*E125 -> 13861.492 | H125: =F125/D125 -> 1 | J125: =I125*E125 -> 0 | K125: =I125/D125 -> 0 | L125: =F125+I125 -> 26.64 | M125: =G125+J125 -> 13861.492 | N125: =H125+K125 -> 1
A126: 10 | B126: DEMOLIÇÃO DE EDIFICAÇÕES | J126: =SUM(J127) -> 0 | M126: =SUM(M127) -> 15173.526
A127: 10.1 | B127: Demolição de edificações | C127: m² | D127: 232.4 | E127: 65.29056 | F127: 232.4 | G127: =F127*E127 -> 15173.526 | H127: =F127/D127 -> 1 | J127: =I127*E127 -> 0 | K127: =I127/D127 -> 0 | L127: =F127+I127 -> 232.4 | M127: =G127+J127 -> 15173.526 | N127: =H127+K127 -> 1
A128: 11 | B128: SERVIÇOS AMBIENTAIS | J128: =SUM(J129) -> 0 | M128: =SUM(M129) -> 5242.4033
A129: 11.1 | B129: Hidrossemeadura simples em taludes | C129: m² | D129: 1437.1 | E129: 7.4891476 | F129: 700 | G129: =F129*E129 -> 5242.4033 | H129: =F129/D129 -> 0.48709206 | J129: =I129*E129 -> 0 | K129: =I129/D129 -> 0 | L129: =F129+I129 -> 700 | M129: =G129+J129 -> 5242.4033 | N129: =H129+K129 -> 0.48709206
A130: 13 | B130: ADMINISTRAÇÃO LOCAL | J130: =SUM(J131) -> 572.74424 | M130: =SUM(M131) -> 248979.23
...

Sheet MEMO CALCULO 13ª MEDIÇÃO
B2: PREFEITURA MUNICIPAL DE SÃO ROQUE DO CANAÃ
B8: MEMÓRIA DE CÁLCULO 13ª MEDIÇÃO
B9: OBRA: CONSTRUÇÃO DE MURO DE CONTENÇÃO E ESTABILIZAÇÃO DE TALUDES EM ÁREA DE RISCO | D9: DATA: 03/10/2024
B10: LOCAL: RUA ANTÔNIO GIL VELOSO, CENTRO, SÃO ROQUE DO CANAÃ
B11: ITEM | C11: DESCRIÇÃO | D11: UND | E11: QUANT.
B12: 6 | C12: =VLOOKUP(B12,'MEDIÇÃO 13'!$A$29:$C$132,2,0) -> CANTEIRO DE OBRAS
B13: 6.1 | C13: =VLOOKUP(B13,'MEDIÇÃO 13'!$A$29:$C$132,2,0) -> Hidrossemeadura simples em terrenos planos | D13: =VLOOKUP(B13,'MEDIÇÃO 13'!$A$29:$C$131,3,0) -> m² | E13: =SUM(D14:D14) -> 300
B14: Talude: 100,00 m (comprimento) x 3,00 m (altura) = 300,00 m² | D14: 300
B15: 6.2 | C15: =VLOOKUP(B15,'MEDIÇÃO 13'!$A$29:$C$132,2,0) -> Aluguel de container p/ escritório c/ ar condicionado e banheiro, isolam.térmico e acústico, 2 luminárias, janela de vidro, tomada p/ comput. e telef. | D15: =VLOOKUP(B15,'MEDIÇÃO 13'!$A$29:$C$131,3,0) -> Mes | E15: =SUM(D16:D16) -> 1
B16: 1,00 mês | D16: 1
B17: 6.3 | C17: =VLOOKUP(B17,'MEDIÇÃO 13'!$A$29:$C$132,2,0) -> Aluguel de container para almoxarifado | D17: =VLOOKUP(B17,'MEDIÇÃO 13'!$A$29:$C$131,3,0) -> Mes | E17: =SUM(D18:D18) -> 1
B18: 1,00 mês | D18: 1
B19: 6.4 | C19: =VLOOKUP(B19,'MEDIÇÃO 13'!$A$29:$C$132,2,0) -> Aluguel de container tipo refeitório (2 unidades acopladas), c/ 2 aparelhos de ar condicionado, 4 lumináriase 4 janelas de vidro | D19: =VLOOKUP(B19,'MEDIÇÃO 13'!$A$29:$C$131,3,0) -> Mes | E19: =SUM(D20:D20) -> 1
B20: 1,00 mês | D20: 1
B21: 6.5 | C21: =VLOOKUP(B21,'MEDIÇÃO 13'!$A$29:$C$132,2,0) -> Aluguel de container tipo vestiário, 2 luminárias, piso especial e janela | D21: =VLOOKUP(B21,'MEDIÇÃO 13'!$A$29:$C$131,3,0) -> Mes | E21: =SUM(D22:D22) -> 1
B22: 1,00 mês | D22: 1
B23: 6.6 | C23: =VLOOKUP(B23,'MEDIÇÃO 13'!$A$29:$C$132,2,0) -> Aluguel de container tipo sanitário com 3 vasos sanitários, lavatório, mictório, 5 chuveiros, 2 venezianas e piso especial | D23: =VLOOKUP(B23,'MEDIÇÃO 13'!$A$29:$C$131,3,0) -> Mes | E23: =SUM(D24:D24) -> 1
B24: 1,00 mês | D24: 1
H25: 349502.15 | I25: 341304.98
B26: 13 | C26: =VLOOKUP(B26,'MEDIÇÃO 13'!$A$29:$C$132,2,0) -> ADMINISTRAÇÃO LOCAL | H26: 3737562.4
B27: 13.1 | C27: =VLOOKUP(B27,'MEDIÇÃO 13'!$A$29:$C$132,2,0) -> Administração local, inclusive vigilância | D27: =VLOOKUP(B27,'MEDIÇÃO 13'!$A$29:$C$131,3,0) -> UND | E27: =D28 -> 0.0022609923 | H27: =H25/H26 -> 0.093510719
B28: R$ 8.450,60 (valor da décima segunda medição sem administração local) / R$ 3.737.562,41 (valor da obra sem administração local) = 0,002260992346 | D28: 0.0022609923
C32: ______________________________________________________________________
C33: PEDRO JAYME LANI JUNIOR
C34: Assessor de Assuntos de Gestão
C35: Engenheiro Civil
C36: CREA ES 20109/D
C37: Fiscal da Obra
